Map: Torres crepusculares

Players

Diz - Winner!

  • Race: Zerg Zerg

xXkazperXx

  • Race: Zerg Zerg

VOD

Have the link to the VOD?

Description

Time

  • Played on: March 12, 2016, 6:48 p.m.
  • Length: 15:20
Show
View Real Time Build Order
Export as new Build Order

Diz Zerg - Winner!

Build Orders: Pool First 

Get SALT Encoding   

  12  0:01  Drone  
  13  0:09  Drone  
  14  0:29  Spawning Pool  
  14  0:30  Drone  
  14  1:00  Hatchery  
  14  1:04  Extractor  
  12  1:05  Overlord  
  12  1:47  Zergling x6  
  12  1:48  Queen  
  17  2:15  Drone  
  18  2:16  Queen  
  20  2:23  Drone x3  
  23  2:42  Hatchery  
  22  2:57  Drone x3  
  25  3:52  Overlord x3  
  25  3:54  Overlord  
  25  3:59  Lair  
  25  4:09  Queen  
  25  4:13  Extractor  
  26  4:26  Extractor  
  26  4:31  Extractor  
  24  4:40  Zergling x12  
  24  4:41  Zergling x6  
  24  4:45  Queen  
  33  4:46  Drone  
  36  4:55  Drone x2  
  38  5:06  Drone x2  
  40  5:17  Drone x2  
  42  5:49  Metabolic Boost  
  42  5:55  Drone x3  
  42  5:56  Drone  
  46  6:04  Drone x4  
  43  6:47  Drone x4  
  47  6:54  Hatchery  
  46  7:04  Spire  
  46  7:07  Infestation Pit  
  44  7:18  Evolution Chamber  
  43  7:38  Overlord  
  43  7:39  Overlord x4  
  43  7:53  Extractor  
  43  7:58  Extractor  
  41  8:09  Hive  
  41  8:20  Mutalisk  
  41  8:21  Mutalisk x7  
  57  8:33  Zerg Melee Weapons Level 1  
  57  8:40  Drone x4  
  61  8:44  Drone  
  61  8:47  Drone  
  63  8:50  Drone x2  
  63  8:53  Drone  
  66  9:05  Queen  
  66  9:08  Queen  
  70  9:18  Drone x3  
  73  9:25  Drone  
  73  9:26  Drone x2  
  73  9:28  Drone x2  
  76  10:28  Zerg Missile Weapons Level 1  
  68  10:31  Mutalisk x7  
  68  10:32  Mutalisk x10  
  96  10:56  Mutalisk  
  96  10:57  Mutalisk x2  
  96  10:59  Overlord x3  
  96  11:00  Overlord  
  96  11:03  Zerg Flyer Weapons Level 1  
  102  11:55  Mutalisk x4  
  102  11:56  Mutalisk x5  
  102  11:57  Mutalisk  
  120  12:58  Zerg Flyer Armor Level 1  
  120  13:14  Mutalisk x5  
  120  13:15  Mutalisk x3  
  120  13:18  Overlord x3  
  120  13:19  Overlord x4  
  116  13:52  Mutalisk x7  
  116  13:53  Mutalisk x4  
  134  14:26  Mutalisk  
  134  14:27  Mutalisk x4  
  134  14:29  Zergling x28  
Show
View Real Time Build Order
Export as new Build Order

xXkazperXx Zerg 

Build Orders: Pool First 

Get SALT Encoding   

  12  0:03  Drone  
  13  0:13  Drone  
  14  0:17  Overlord  
  14  0:24  Extractor  
  14  0:28  Drone  
  14  0:43  Drone x2  
  16  0:57  Spawning Pool, Drone  
  16  1:00  Overlord  
  16  1:09  Drone  
  17  1:23  Drone  
  18  1:31  Drone  
  19  1:36  Extractor  
  18  1:41  Drone  
  18  1:44  Lair  
  19  1:52  Zergling x2  
  20  2:03  Drone  
  21  2:14  Overlord  
  21  2:31  Overlord  
  21  2:45  Spore Crawler  
  21  2:48  Queen  
  22  3:02  Zergling x6  
  24  3:23  Zergling x2  
  24  3:25  Hatchery, Burrow  
  24  3:36  Zergling x2  
  24  3:37  Zergling x2  
  26  3:45  Roach Warren  
  25  3:51  Drone  
  26  4:01  Drone  
  27  4:11  Evolution Chamber  
  27  4:15  Zergling x6  
  30  4:31  Drone, Spine Crawler  
  30  4:36  Pneumatized Carapace  
  29  4:53  Roach x4, Baneling Nest  
  29  4:58  Overlord  
  36  5:11  Drone x3  
  39  5:26  Roach x2  
  39  5:28  Ravager x2  
  44  5:32  Drone  
  46  5:54  Zergling x6  
  49  6:01  Centrifical Hooks  
  49  6:03  Metabolic Boost  
  49  6:22  Baneling x5  
  49  6:23  Baneling  
  49  6:51  Hydralisk Den  
  49  6:52  Roach x6  
  60  6:57  Overlord  
  60  7:08  Drone, Extractor  
  60  7:28  Hydralisk x3  
  66  7:30  Roach x4  
  66  7:35  Baneling x6  
  66  7:36  Lurker Den  
  66  7:41  Drone  
  67  8:09  Hydralisk  
  67  8:10  Drone, Hydralisk x2  
  68  8:12  Overlord  
  68  8:13  Overlord  
  68  8:14  Roach x7  
  68  8:15  Roach x3  
  68  8:19  Baneling  
  68  8:20  Baneling x5  
  68  8:26  Zerg Missile Weapons Level 1  
  68  9:08  Tunneling Claws  
  68  9:10  Drone x3  
  68  9:11  Drone x3  
  74  9:17  Drone x2  
  74  9:18  Drone x4  
  80  9:30  Hydralisk x3  
  80  9:35  Roach x10  
  80  9:37  Hatchery  
  79  9:40  Baneling x6  
  79  9:43  Spire  
  78  9:48  Nydus Network  
  77  10:57  Overlord x3  
  77  11:06  Overseer x2  
  77  11:20  Baneling x5  
  77  11:23  Mutalisk x3  
  83  11:29  Overlord x5  
  83  12:04  Hydralisk x3  
  83  12:05  Hatchery  
  83  12:07  Mutalisk x3  
  94  12:17  Evolution Chamber  
  94  12:18  Hydralisk x2  
  93  12:23  Roach x10  
  93  12:28  Baneling x11  
  56  13:00  Spore Crawler  
  56  13:03  Spore Crawler  
  48  13:13  Hydralisk  
  48  13:18  Roach x10  
  46  13:23  Baneling x6  
  46  13:27  Spore Crawler  
  46  13:30  Spore Crawler  
  44  13:34  Spore Crawler  
  43  13:46  Drone  
  43  13:47  Drone x2  
  46  13:59  Hatchery  
  23  14:23  Hydralisk x2  
  23  14:24  Hydralisk  
  14  14:46  Infestation Pit  
  14  14:50  Lurker x2  
  14  14:51  Lurker  
Tags
 
Add a new tag
Caveats
  • Supply blocks, unpowered buildings, or Contaminate may cause inaccurate times.
  • Supply counts are checked every 10 seconds.